 Dungeon Crawl Stone Soup version 0.20.0-4-g10b340a (webtiles) character file.

12216 greprep the Carver (level 11, -1/97 HPs)
             Began as a Minotaur Fighter on May 27, 2017.
             Was a High Priest of Okawaru.
             Slain by a 13-headed hydra (7 damage)
             ... on level 1 of the Lair of Beasts.
             The game lasted 00:36:33 (14128 turns).

greprep the Carver (Minotaur Fighter)              Turns: 14128, Time: 00:36:33

Health: -1/97      AC: 10    Str: 25    XL:     11   Next: 59%
Magic:  10/10      EV: 16    Int:  5    God:    Okawaru [*****.]
Gold:   591        SH: 12    Dex: 14    Spells: 10/10 levels left

rFire    . . .     SeeInvis +   a - +0 long sword (freeze)
rCold    + . .     Gourm    .   c - +0 shield
rNeg     . . .     Faith    .   I - +2 leather armour "Ibeen" {-Tele rC+ Str+2 Dex+3}
rPois    .         Spirit   .   (helmet restricted)
rElec    .         Reflect  .   x - +0 cloak
rCorr    .         Harm     .   T - +0 pair of gloves
MR       +....     NoTele   +   D - +0 pair of boots of Trial and Error {MR+}
Stlth    +.........             R - amulet of regeneration
Regen    0.7/turn               G - ring of see invisible
MPRegen  0.2/turn               F - ring of flight

@: no status effects
A: retaliatory headbutt, horns 2
a: Heroism, Finesse, Renounce Religion, Evoke Flight


You were on level 1 of the Lair of Beasts.
You worshipped Okawaru.
Okawaru was extremely pleased with you.
You were not hungry.

You visited 3 branches of the dungeon, and saw 12 of its levels.
You also visited: Ossuary and Volcano.

You collected 613 gold pieces.
You spent 22 gold pieces at shops.

Inventory:

Hand Weapons
 a - a +0 long sword of freezing (weapon)
Armour
 c - a +0 shield (worn)
 x - a +0 cloak (worn)
 D - the +0 pair of boots of Trial and Error (worn) {MR+}
   (You found it on level 5 of the Dungeon)

   It affects your resistance to hostile enchantments.
 E - a +0 plate armour
 I - the +2 leather armour "Ibeen" (worn) {-Tele rC+ Str+2 Dex+3}
   (You found it on level 10 of the Dungeon)

   It affects your strength (+2).
   It affects your dexterity (+3).
   It protects you from cold.
   It prevents most forms of teleportation.
 T - a +0 pair of gloves (worn)
 Y - a +0 chain mail of fire resistance
Jewellery
 w - an uncursed amulet of harm
 F - a ring of flight (right hand)
 G - a ring of see invisible (left hand)
 R - an amulet of regeneration (around neck)
Wands
 y - a wand of digging (10/24)
 O - a wand of disintegration (15/24)
Scrolls
 g - 2 scrolls of fog
 h - a scroll of recharging
 k - 2 scrolls of blinking
 m - 3 scrolls of teleportation
 n - 4 scrolls of remove curse
 q - a scroll of amnesia
 t - a scroll of enchant armour
 B - 3 scrolls of enchant weapon
 L - a scroll of fear
 S - a scroll of identify
 Z - a scroll of torment {unknown}
Potions
 d - 5 potions of might
 l - 3 potions of flight
 p - 2 potions of agility {unknown}
 r - 5 potions of heal wounds
 u - a potion of mutation {unknown}
 v - 10 potions of curing
 C - 3 potions of cancellation {unknown}
 H - a potion of brilliance {unknown}
 J - a potion of ambrosia {unknown}
 K - 3 potions of berserk rage {unknown}
 N - 2 potions of haste {unknown}
 X - a potion of resistance {unknown}
Books
 b - Ts'ui Pên's Catalogue of Forking Paths
   (You found it on level 10 of the Dungeon)

   Spells                             Type                      Level
   a - Song of Slaying                Charms                       2
   b - Dazzling Spray                 Conjuration/Hexes            3
   c - Portal Projectile              Hexes/Translocation          3
 o - a book of Changes

   Spells                             Type                      Level
   a - Beastly Appendage              Transmutation                1
   b - Sticks to Snakes               Transmutation                2
   c - Spider Form                    Transmutation/Poison         3
   d - Ice Form                       Ice/Transmutation            4
   e - Blade Hands                    Transmutation                5
 s - a book of Geomancy

   Spells                             Type                      Level
   a - Sandblast                      Earth                        1
   b - Passwall                       Transmutation/Earth          2
   c - Stone Arrow                    Conjuration/Earth            3
   d - Petrify                        Transmutation/Earth          4
   e - Lee's Rapid Deconstruction     Earth                        5
 M - a book of Frost

   Spells                             Type                      Level
   a - Freeze                         Ice                          1
   b - Throw Frost                    Conjuration/Ice              2
   c - Ozocubu's Armour               Charms/Ice                   3
   d - Throw Icicle                   Conjuration/Ice              4
   e - Summon Ice Beast               Ice/Summoning                4
 U - the Almanac of Combed Thunderclap
   (You found it on level 10 of the Dungeon)

   Spells                             Type                      Level
   a - Lightning Bolt                 Conjuration/Air              5
   b - Tornado                        Air                          9
 V - the Tome of Dhcmrlchtdj
   (You found it on level 10 of the Dungeon)

   Spells                             Type                      Level
   a - Flame Tongue                   Conjuration/Fire             1
   b - Irradiate                      Conjuration/Transmutation    5
Comestibles
 f - 8 bread rations
 i - 4 meat rations
 Q - 3 fruits
 W - 3 chunks of flesh


   Skills:
 * Level 9.3 Fighting
 * Level 13.8 Long Blades
 + Level 9.1 Armour
 * Level 8.2 Dodging
 + Level 0.8 Stealth
 + Level 9.1 Shields
 * Level 1.0 Invocations


You had 10 spell levels left.
You didn't know any spells.

Dungeon Overview and Level Annotations

Branches:
Dungeon (10/15)            Temple (1/1) D:4            Lair (1/6) D:8
    Orc (0/2) D:9

Altars:
Ashenzari
Cheibriados
Dithmenos
Elyvilon
Fedhas
Gozag
Hepliaklqana
Kikubaaqudgha
Makhleb
Nemelex Xobeh
Okawaru
Qazlal
Ru
Sif Muna
Trog
Uskayaw
Vehumet
Xom
Yredelemnul
Zin
The Shining One

Shops:
D:10 ?

Portals:
Trove: D:10 (give +3 fire dragon scales)


Innate Abilities, Weirdness & Mutations

You reflexively headbutt those who attack you in melee.
You have a pair of horns on your head.


Message History

You kill the wolf!
Okawaru accepts your kill.
Your Invocations skill increases to level 1!
The wolf misses you.
The 13-headed hydra completely misses you.
You furiously retaliate!
You headbutt the 13-headed hydra!
You block the 13-headed hydra's attack. x2
The 13-headed hydra bites you but does no damage.
The 13-headed hydra closely misses you. The 13-headed hydra bites you.
* * * LOW HITPOINT WARNING * * *
The 13-headed hydra closely misses you. The 13-headed hydra barely misses you.
The 13-headed hydra closely misses you. The 13-headed hydra misses you.
The 13-headed hydra bites you!
* * * LOW HITPOINT WARNING * * *
The 13-headed hydra closely misses you. The 13-headed hydra bites you.
* * * LOW HITPOINT WARNING * * *
Unknown command.
You block the 13-headed hydra's attack. The 13-headed hydra closely misses you.
You block the 13-headed hydra's attack. The 13-headed hydra bites you!
You die...

,,,,,,,,,,##..#####............##
,,,,,,,,,,#..#.####..........#..#
,,,,,,,,,,##.....###..........#D.
,,,,,,,,,,*##.....##..........##.
,,,,,,,,,,*#..D.#..#...%.......##
,,,,,,,,,,*####....#..........>##
*,,,,,,,,,* ###...#..........#.#
,**,,,,,,,**##.F..##..........###
****,,,,,,,*#..D@.#..........#.#
****,**,,***##.h.##.........####*
**,,,***,,* ######.........# *#
,,,,** ********* *.#...(..#.# *#.
,,,,,* **,,*,,* ****,,,******#..
,,,*** **,,,,,,* **,** **...
,,,*****,,,,,,,** *** *,...
,,***,*,,,,,,,,,*** ****,...
,,****,,,,,,,,,,,,* *,,,,,,,


You could see a 13-headed hydra, a spiny frog and a wolf.

Vanquished Creatures
  A fire crab (Volcano)
  2 wizards (D:10)
  Pikel (D:9)
  A lindwurm (Volcano)
  A deep elf mage (D:10)
  The ghost of nikopol the Chopper, a novice GrBe of Trog (D:6)
  A centaur skeleton (D:10)
  A komodo dragon (Lair:1)
  The ghost of Monsterracer the Ruffian, an amateur NaTm (D:5)
  Sigmund (D:3)
  2 wyverns
  6 fire bats (Volcano)
  7 yaks
  A hungry ghost (D:8)
  2 steam dragons (Volcano)
  3 hell hounds (Volcano)
  2 porcupines (D:8)
  3 orc warriors
  2 black bears (D:9)
  A slave (D:9)
  An ice beast (D:10)
  4 sky beasts
  A phantom (D:5)
  5 wolves (Lair:1)
  10 ogres
  4 centaurs
  2 big kobolds
  A crocodile (D:9)
  2 bullfrogs (D:8)
  2 scorpions
  2 water moccasin zombies (Ossuary)
  7 killer bees
  A crimson imp (D:6)
  6 lava snakes (Volcano)
  2 centaur zombies
  4 hounds
  3 jellies
  4 orc priests
  Crazy Yiuf (D:2)
  2 bullfrog skeletons
  Jessica (D:2)
  10 worker ants
  7 iguanas
  11 orc wizards
  A big kobold zombie (Ossuary)
  3 mummies
  A worker ant zombie (D:9)
  A howler monkey skeleton (D:10)
  10 adders
  An ooze (D:3)
  4 adder zombies (Ossuary)
  An adder skeleton (D:5)
  4 worms
  A dart slug (D:1)
  8 leopard geckos
  36 orcs
  4 ball pythons
  5 giant cockroaches
  3 goblins
  5 hobgoblins
  9 jackals
  3 quokkas
  5 bats
  4 frilled lizards
  6 gnoll zombies (Ossuary)
  2 hobgoblin zombies (Ossuary)
  11 kobolds
  5 kobold zombies (Ossuary)
  2 leopard gecko skeletons
  A leopard gecko zombie (D:5)
  9 orc zombies (Ossuary)
  9 rats
  3 bushes (D:6)
  A plant (D:6)
291 creatures vanquished.

Vanquished Creatures (others)
  A bullfrog (D:6)
  2 plants
3 creatures vanquished.

Grand Total: 294 creatures vanquished

Notes
Turn   | Place    | Note
-------+----------+-------------------------------------------
     0 | D:1      | greprep the Minotaur Fighter began the quest for the Orb.
     0 | D:1      | Reached XP level 1. HP: 19/19 MP: 0/0
   526 | D:1      | Reached XP level 2. HP: 27/27 MP: 1/1
   909 | D:2      | Found a deep blue altar of Sif Muna.
   941 | D:2      | Noticed Jessica
   951 | D:2      | Killed Jessica
   951 | D:2      | Reached XP level 3. HP: 33/33 MP: 2/2
  1476 | D:2      | Reached skill level 1 in Dodging
  1562 | D:2      | Found a runed door.
  1566 | D:2      | Noticed Crazy Yiuf
  1571 | D:2      | Killed Crazy Yiuf
  1571 | D:2      | Reached skill level 3 in Long Blades
  1571 | D:2      | Reached XP level 4. HP: 34/40 MP: 3/3
  2070 | D:3      | Found a hide-covered altar of Uskayaw.
  2071 | D:3      | Noticed Sigmund
  2374 | D:3      | Killed Sigmund
  2374 | D:3      | Reached skill level 5 in Long Blades
  2374 | D:3      | Reached skill level 5 in Armour
  2374 | D:3      | Reached XP level 5. HP: 44/47 MP: 4/4
  2436 | D:3      | Reached XP level 6. HP: 49/53 MP: 5/5
  3396 | D:4      | Reached skill level 6 in Long Blades
  3514 | D:4      | Reached skill level 5 in Fighting
  3514 | D:4      | Reached XP level 7. HP: 61/61 MP: 6/6
  3688 | D:4      | Found a staircase to the Ecumenical Temple.
  3698 | Temple   | Entered the Ecumenical Temple
  4038 | Temple   | Became a worshipper of Warmaster Okawaru
  4242 | D:4      | Reached skill level 7 in Long Blades
  4358 | D:5      | Entered Level 5 of the Dungeon
  4521 | D:5      | Reached skill level 5 in Shields
  4548 | D:5      | Found a deep blue altar of Sif Muna.
  4662 | D:5      | Reached * piety under Okawaru
  4743 | D:5      | Got a pair of ancient boots
  4754 | D:5      | Identified the cursed +0 pair of boots of Trial and Error {MR+} (You found it on level 5 of the Dungeon)
  4784 | D:5      | Reached XP level 8. HP: 19/69 MP: 7/7
  4853 | D:5      | Noticed Monsterracer's ghost (amateur NaTm)
  4905 | D:5      | Reached skill level 8 in Long Blades
  5019 | D:5      | Killed Monsterracer's ghost
  5969 | D:6      | Found an opulent altar of Gozag.
  6104 | D:6      | Reached skill level 9 in Long Blades
  6186 | D:6      | Found a sand-covered staircase.
  6197 | Ossuary  | Entered an ossuary
  7110 | D:6      | Noticed nikopol's ghost (novice GrBe)
  7436 | D:6      | Killed nikopol's ghost
  7436 | D:6      | Reached ** piety under Okawaru
  7436 | D:6      | Reached XP level 9. HP: 30/78 MP: 5/8
  7826 | D:6      | Reached skill level 10 in Long Blades
  9068 | D:7      | Reached *** piety under Okawaru
  9074 | D:7      | Reached skill level 5 in Dodging
  9579 | D:7      | Found a snail-covered altar of Cheibriados.
  9608 | D:7      | Found a stormy altar of Qazlal.
  9842 | D:7      | Reached skill level 11 in Long Blades
 10455 | D:8      | Reached XP level 10. HP: 78/86 MP: 9/9
 10564 | D:8      | Reached **** piety under Okawaru
 10968 | D:8      | Found a shattered altar of Ashenzari.
 10970 | D:8      | Found a staircase to the Lair.
 11262 | D:9      | Reached skill level 12 in Long Blades
 11529 | D:9      | Found a staircase to the Orcish Mines.
 11698 | D:9      | Noticed Pikel
 11710 | D:9      | Killed Pikel
 11710 | D:9      | Reached ***** piety under Okawaru
 12017 | D:10     | Entered Level 10 of the Dungeon
 12026 | D:10     | Found Geluw's Magic Scroll Shop.
 12029 | D:10     | Bought a scroll of identify for 22 gold pieces
 12072 | D:10     | Noticed a wizard
 12073 | D:10     | Noticed a wizard
 12080 | D:10     | Killed a wizard
 12087 | D:10     | Killed a wizard
 12100 | D:10     | Identified Ts'ui Pên's Catalogue of Forking Paths
 12206 | D:10     | Reached skill level 13 in Long Blades
 12209 | D:10     | Received a gift from Okawaru
 12213 | D:10     | Noticed a deep elf mage
 12226 | D:10     | Reached XP level 11. HP: 85/95 MP: 10/10
 12235 | D:10     | Killed a deep elf mage
 12479 | D:10     | Got a crude leather armour
 12490 | D:10     | Identified the +2 leather armour "Ibeen" {-Tele rC+ Str+2 Dex+3} (You found it on level 10 of the Dungeon)
 12685 | D:10     | Found a portal to a secret trove of treasure.
 12845 | D:10     | Identified the Almanac of Combed Thunderclap
 12856 | D:10     | Identified the Tome of Dhcmrlchtdj
 13180 | Lair:1   | Entered Level 1 of the Lair of Beasts
 13210 | Lair:1   | Noticed a seven-headed hydra
 13237 | Lair:1   | HP: 1/95 [13-headed hydra (11)]
 13350 | Lair:1   | Found a dark tunnel.
 13356 | Volcano  | Entered a volcano
 13765 | Volcano  | Noticed a fire crab
 13790 | Volcano  | Killed a fire crab
 13790 | Volcano  | Received a gift from Okawaru
 13902 | Volcano  | Noticed a lindwurm
 13914 | Volcano  | Killed a lindwurm
 14050 | Volcano  | Found a radiant altar of Vehumet.
 14105 | Volcano  | Found a radiant altar of Vehumet.
 14127 | Lair:1   | Reached skill level 1 in Invocations
 14128 | Lair:1   | Slain by a 13-headed hydra

Skill      XL: |  1  2  3  4  5  6  7  8  9 10 11 |
---------------+----------------------------------+-----
Fighting       | 4 5 6 7 8 9 |  9.3
Armour         | 4 5 6 8 9 |  9.1
Shields        | 4 5 6 7 9 |  9.1
Dodging        | 1 2 3 4 5 6 8 |  8.2
Long Blades    | 3 5 6 7 9 11 13 | 13.8
Invocations    | 1 |  1.0
Stealth        | |  0.8

Action                   |  1- 3 |  4- 6 |  7- 9 | 10-12 || total
-------------------------+-------+-------+-------+-------++-------
Melee: Long sword        |    50 |    89 |   481 |   350 ||   970
       Headbutt          |     6 |    16 |   127 |    84 ||   233
Invok: Heroism           |       |       |     3 |     2 ||     5
  Use: Scroll            |       |       |       |    22 ||    22
       Potion            |       |       |       |     4 ||     4
  Eat: Chunk             |     2 |     6 |     6 |     2 ||    16
       Fruit             |       |     2 |     4 |       ||     6
       Royal jelly       |       |     1 |     2 |     1 ||     4
       Meat ration       |       |       |     1 |     1 ||     2
       Bread ration      |       |       |       |     2 ||     2
Armor: Scale mail        |    27 |    26 |   105 |       ||   158
       Plate armour      |       |       |       |    55 ||    55
       Leather armour    |       |       |       |    50 ||    50
Dodge: Dodged            |    11 |    30 |   100 |   155 ||   296
Block: Shield            |    18 |    38 |   159 |   241 ||   456
       Rpst.: Long sword |     4 |     4 |    30 |    27 ||    65
